 Dungeon Crawl Stone Soup version 0.29-a0-872-g797fff5ad1 (webtiles) character file.

Game seed: 3625978113627714486

158 27snakeeyes612 the Sneak (level 5, -1/53 HPs)
             Began as a Troll Delver on July 19, 2022.
             Slain by a gnoll
             ... wielding a +0 spear
              (5 damage)
             ... on level 5 of the Dungeon.
             The game lasted 00:02:13 (641 turns).

27snakeeyes612 the Sneak (Troll Delver)              Turns: 641, Time: 00:02:14

Health: -1/53      AC:  4    Str: 22    XL:     5   Next: 16%
Magic:  4/4        EV: 10    Int:  6    God:
Gold:   6          SH:  0    Dex: 11    Spells: 4/4 levels left

rFire   . . .      SeeInvis .   a - +0 mace
rCold   . . .      Faith    .   (no shield)
rNeg    . . .      Spirit   .   b - +0 robe
rPois   .          Reflect  .   (helmet restricted)
rElec   .          Harm     .   (no cloak)
rCorr   .          Rampage  .   (gloves unavailable)
Will    .....                   (boots unavailable)
Stlth   ++........              (no amulet)
HPRegen 0.97/turn               (no ring)
MPRegen 0.09/turn               (no ring)

@: lethally poisoned (-1 -> -1), hasted, very quick
A: large, unfitting armour, claws 3, regeneration 1, shaggy fur 1, tough skin 1
a: no special abilities


You were on level 5 of the Dungeon.
You visited 1 branch of the dungeon, and saw 2 of its levels.

You collected 6 gold pieces.

Inventory:

Hand Weapons
 a - a +0 mace (weapon)
Missiles
 j - 4 javelins (quivered)
Armour
 b - a +0 robe (worn)
Jewellery
 l - a ring of magical power
Wands
 g - a wand of digging (3)
Scrolls
 c - a scroll of fog
 d - a scroll of magic mapping
 e - a scroll of identify {unknown}
 h - a scroll of teleportation {unknown}
 m - a scroll of immolation {unknown}
Potions
 i - a potion of might {unknown}
 k - a potion of invisibility {unknown}
 n - a potion of curing {unknown}


   Skills:
 + Level 3.1 Fighting
 + Level 2.7 Maces & Flails
 + Level 1.2 Throwing
 + Level 2.4 Dodging
 + Level 3.1 Stealth


You had 4 spell levels left.
You didn't know any spells.
Your spell library was empty.

Dungeon Overview and Level Annotations

Branches:
Dungeon (6/15)             Temple (0/1) D:5

Altars:


Innate Abilities, Weirdness & Mutations

You are too large for most types of armour.
You have claws for hands.
Your natural rate of healing is unusually fast.
You are covered in fur. (AC +1)
You have tough skin. (AC +1)


Message History

The orc shouts!
You feel sick. The water moccasin closely misses you.
The orc closely misses you.
You hit the orc.
The orc is lightly wounded.
You feel sick. The water moccasin bites you! The orc hits you with a +0 whip.
The gnoll closely misses you. The water moccasin barely misses you.
You hit the orc.
You kill the orc!
You feel sick. The water moccasin bites you.
You are more poisoned.
The water moccasin poisons you! The gnoll hits you but does no damage.
You feel sick.
Things that are here:
a +0 whip; 7 stones; an orc corpse You feel sick.
You feel sick.
You feel sick.
You feel sick.
You hit the water moccasin.
The water moccasin is moderately wounded.
You feel sick.
The water moccasin bites you but does no damage.
You closely miss the water moccasin.
The water moccasin is moderately wounded.
You feel sick.
The water moccasin completely misses you.
You miss the water moccasin.
The water moccasin is moderately wounded.
You feel sick.
The water moccasin bites you but does no damage.
The gnoll hits you from afar with a +0 spear.
* * * LOW HITPOINT WARNING * * *
The water moccasin bites you!
* * * LOW HITPOINT WARNING * * *
You sock the water moccasin!
The water moccasin is heavily wounded.
You feel sick.
The gnoll hits you from afar with a +0 spear.
You die...

#....# #...# #..###
##.#..g... #..#
#..####### #..# #.##
#..# #.# #..# #.# #..#
##.#######
######..#######.........
#.......@Sg.)....#######
#.####.####.####.#.....#
#.# #.####.####.......##
#.# #.##.....####.......
#.# #.##.....####.....##
#.# #.................#
#.# ####.....######.###
#.# #.....# #.# #.#
###.### #.#


You could see a water moccasin and a gnoll.

Vanquished Creatures
  A bullfrog (D:6)
  A hound (D:5)
  2 jellies
  A white imp (D:6)
  2 orcs
7 creatures vanquished.

Notes
Turn   | Place    | Note
-------+----------+-------------------------------------------
     0 | D:5      | 27snakeeyes612 the Troll Delver began the quest for the
                  | Orb.
     0 | D:5      | Reached XP level 1. HP: 22/22 MP: 0/0
    62 | D:5      | Noticed a scorpion
   216 | D:5      | Noticed an ogre
   325 | D:5      | Noticed a hound
   365 | D:5      | Noticed a jelly
   367 | D:5      | Noticed a jelly
   368 | D:5      | Found a staircase to the Ecumenical Temple.
   385 | D:6      | Killed a jelly
   386 | D:6      | Reached XP level 2. HP: 29/29 MP: 1/1
   402 | D:6      | Reached XP level 3. HP: 36/36 MP: 2/2
   439 | D:6      | Noticed a bullfrog
   443 | D:6      | Killed a bullfrog
   444 | D:6      | Reached XP level 4. HP: 27/45 MP: 3/3
   568 | D:5      | Reached skill level 1 in Throwing
   607 | D:5      | Reached XP level 5. HP: 51/53 MP: 4/4
   614 | D:5      | Noticed a water moccasin
   641 | D:5      | Slain by a gnoll

Illustrated notes

Levels and vault maps discovered:
D:5:      layout_loops_ring, minmay_temple_entry_trees, kennysheep_minor_cross
D:6:      layout_basic, minmay_hedge_maze

Skill      XL: |  1  2  3  4 |
---------------+-------------+-----
Maces & Flails | 2 |  2.7
Dodging        | 2 |  2.4
Fighting       | 3 |  3.1
Stealth        | 3 |  3.1
Throwing       | 1 |  1.2

Action                   |  1- 3 |  4- 6 || total
-------------------------+-------+-------++-------
Melee: Mace              |     7 |    25 ||    32
Throw: Javelin           |     4 |       ||     4
  Use: Scroll            |     1 |       ||     1
       Potion            |       |     1 ||     1
Armor: Robe              |     8 |    11 ||    19
Dodge: Dodged            |     6 |    19 ||    25

Table legend: (Time is in decaauts)
 A = Elapsed time spent in this place.
 B = Non-inter-level travel time spent in this place.
 C = Inter-level travel time spent in this place.
 D = Time resting spent in this place.
 E = Time spent auto-exploring this place.
 F = Levels seen in this place.
 G = Mean time per level.
                   A        B        C        D        E       F      G
               +--------+--------+--------+--------+--------+-----+--------+
         Total |    647 |    647 |      0 |    111 |     86 |   2 |  323.5 |
       Dungeon |    647 |    647 |      0 |    111 |     86 |   2 |  323.5 |
               +--------+--------+--------+--------+--------+-----+--------+

Top non-repeatable levels by time:
     D:5: 481 daAuts
     D:6: 166 daAuts
